 Dungeon Crawl Stone Soup version 0.29.1-1-gd02db6906a (webtiles) character file.

Game seed: 3430689110145013258

1111 Colgate the Fighter (level 8, -3/69 HPs)
             Began as a Formicid Hunter on Sept 27, 2022.
             Was an Initiate of Hepliaklqana.
             Slain by Edmund
             ... wielding a +2 dire flail of protection
              (14 damage)
             ... on level 4 of the Dungeon.
             The game lasted 00:17:55 (3529 turns).

Colgate the Fighter (Formicid Hunter)               Turns: 3529, Time: 00:17:55

Health: -3/69      AC:  5    Str: 16    XL:     8   Next: 59%
Magic:  10/10      EV: 11    Int:  9    God:    Hepliaklqana [......]
Gold:   153        SH:  6    Dex: 17    Spells: 7/7 levels left

rFire   . . .      SeeInvis +   a - +0 shortbow
rCold   . . .      Faith    .   r - +0 buckler
rNeg    . . .      Spirit   .   c - +0 leather armour
rPois   .          Reflect  .   (helmet unavailable)
rElec   .          Harm     .   (no cloak)
rCorr   .          Rampage  .   (no gloves)
Will    +....                   g - +1 pair of boots
Stlth   ++........              u - amulet of regeneration
HPRegen 1.01/turn               m - ring of willpower
MPRegen 0.12/turn               (no ring)

@: brilliant
A: permanent stasis, dig shafts and tunnels, antennae 3, four strong arms,
screaming 1, weak 1, evolution 1
a: Dig, Shaft Self, Renounce Religion


You were on level 4 of the Dungeon.
You worshipped Hepliaklqana.
Hepliaklqana was noncommittal.
You visited 2 branches of the dungeon, and saw 6 of its levels.

You collected 223 gold pieces.
You spent 70 gold pieces at shops.

Inventory:

Hand Weapons
 a - a +0 shortbow (weapon)
Missiles
 s - 5 curare-tipped darts
Armour
 c - a +0 leather armour (worn)
 g - a +1 pair of boots (worn)
 r - a +0 buckler (worn)
 D - a +2 kite shield
Jewellery
 m - a ring of willpower (left hand)
 u - an amulet of regeneration (around neck)
Scrolls
 b - 2 scrolls of immolation
 d - a scroll of brand weapon {unknown}
 k - a scroll of blinking {unknown}
 n - a scroll of magic mapping {unknown}
 o - 5 scrolls of identify {@r1}
 p - a scroll of poison {unknown}
 q - a scroll of torment {unknown}
 t - 2 scrolls of teleportation {@r3}
 A - a scroll of amnesia {unknown}
Potions
 e - 2 potions of attraction {unknown}
 f - 2 potions of flight
 i - a potion of lignification {unknown}
 j - a potion of might {unknown}
 l - a potion of degeneration {unknown}
 x - a potion of cancellation
 z - a potion of haste {unknown}
 B - a potion of mutation
 C - a potion of brilliance


   Skills:
 - Level 8.3 Fighting
 - Level 4.0 Ranged Weapons
 - Level 1.7 Dodging
 - Level 2.0 Stealth
 + Level 6.7 Shields
 - Level 3.1 Invocations


You had 7 spell levels left.
You didn't know any spells.
Your spell library contained the following spells:

 Spells                   Type           Power      Damage    Failure   Level
 Sandblast                Erth           0%         2d4       52%         1
 Slow                     Hex            0%         N/A       52%         1
 Passwall                 Tmut/Erth      0%         N/A       65%         2
 Confusing Touch          Hex            0%         N/A       87%         3
 Stone Arrow              Conj/Erth      0%         3d7       87%         3
 Summon Guardian Golem    Hex/Summ       0%         N/A       87%         3
 Vampiric Draining        Necr           0%         2d6       87%         3
 Orb of Destruction       Conj           0%         9d5       100%        7
 Spellforged Servitor     Conj/Summ      0%         N/A       100%        7


Dungeon Overview and Level Annotations

Branches:
Dungeon (5/15)             Temple (1/1) D:5

Altars:
Dithmenos
Elyvilon
Fedhas
Gozag
Hepliaklqana
Kikubaaqudgha
Makhleb
Okawaru
Qazlal
Ru
Sif Muna
Wu Jian
Xom
Yredelemnul
Zin
The Shining One

Shops:
D:3 !   D:5 (

Annotations:
D:4 2 transporters, Edmund; brob1's ghost, amateur MiBe


Innate Abilities, Weirdness & Mutations

You cannot be hasted, slowed, berserked, paralysed or teleported.
You can dig through walls and to a lower floor.
You have a pair of large antennae on your head. (SInv)
Your four strong arms can wield two-handed weapons with a shield.
You occasionally shout uncontrollably at your foes.
You are weak. (Str -2)
You have hidden genetic potential.


Message History

You shoot an arrow. The arrow completely misses Edmund.
Edmund misses you. You block Edmund's attack.
Fire: a) +0 shortbow
Aim: Edmund, wielding a +2 dire flail of protection and wearing a +4 chain mail of cold resistance (blue smoke, moderately wounded, weak-willed, 72% to hit)
You shoot an arrow.
The arrow hits Edmund but does no damage.
Edmund barely misses you.
Fire: a) +0 shortbow
Aim: Edmund, wielding a +2 dire flail of protection and wearing a +4 chain mail of cold resistance (moderately wounded, weak-willed, 72% to hit)
You shoot an arrow. The arrow closely misses Edmund.
You block Edmund's attack.
Fire: a) +0 shortbow
Aim: Edmund, wielding a +2 dire flail of protection and wearing a +4 chain mail of cold resistance (moderately wounded, weak-willed, 72% to hit)
You shoot an arrow.
The arrow hits Edmund but does no damage.
Edmund hits you with a +2 dire flail of protection!
* * * LOW HITPOINT WARNING * * *
You block Edmund's attack.
Fire: a) +0 shortbow
Aim: Edmund, wielding a +2 dire flail of protection and wearing a +4 chain mail of cold resistance (blue smoke, moderately wounded, weak-willed, 72% to hit)
You shoot an arrow. The arrow hits Edmund.
Edmund barely misses you.
Fire: a) +0 shortbow
Aim: Edmund, wielding a +2 dire flail of protection and wearing a +4 chain mail of cold resistance (blue smoke, moderately wounded, weak-willed, 72% to hit)
You shoot an arrow.
The arrow hits Edmund but does no damage.
Edmund hits you with a +2 dire flail of protection.
* * * LOW HITPOINT WARNING * * *
Edmund barely misses you.
Fire: a) +0 shortbow
Aim: Edmund, wielding a +2 dire flail of protection and wearing a +4 chain mail of cold resistance (blue smoke, moderately wounded, weak-willed, 72% to hit)
You shoot an arrow. The arrow closely misses Edmund.
Edmund hits you with a +2 dire flail of protection!
* * * LOW HITPOINT WARNING * * *
Fire: a) +0 shortbow
Aim: Edmund, wielding a +2 dire flail of protection and wearing a +4 chain mail of cold resistance (moderately wounded, weak-willed, 72% to hit)
You shoot an arrow.
The arrow hits Edmund but does no damage.
Edmund hits you with a +2 dire flail of protection!
You die...

.....#...##.#
..#....#.##.#
..#.........##########
###....#.............#
....#..#....#####.####
##.............##.#
.#.##..####.##§##.#
##.##..# #.##§##§#
##.##.[# #.##§@@§#
##.##..# #.#######
##.##..# #.# ##)....#
#.# ####..# #.#
#####.## #.#
......#####.#
............#
#############


You could see Edmund (weak-willed).

Vanquished Creatures
  Grinder (D:4)
  3 ogres
  A phantom (D:5)
  3 scorpions
  A jelly (D:4)
  2 hounds
  A scorpion zombie (D:3)
  2 iguanas (D:4)
  Natasha (twice) (D:4)
  An orc wizard (D:4)
  9 adders
  An ufetubus (D:4)
  5 dart slugs
  9 orcs
  3 endoplasms
  5 giant cockroaches
  5 goblins
  9 hobgoblins
  8 quokkas
  2 ball pythons
  A ball python skeleton (D:3)
  A ball python zombie (D:3)
  5 bats
  3 frilled lizards
  A jackal skeleton (D:3)
  8 kobolds
  A quokka skeleton (D:3)
  5 rats
98 creatures vanquished.

Notes
Turn   | Place    | Note
-------+----------+-------------------------------------------
     0 | D:1      | Colgate the Formicid Hunter began the quest for the Orb.
     0 | D:1      | Reached XP level 1. HP: 16/16 MP: 1/1
   184 | D:1      | Reached XP level 2. HP: 22/23 MP: 2/2
   197 | D:1      | Reached skill level 3 in Fighting
   321 | D:1      | Found a faded altar of an unknown god.
   336 | D:1      | Prayed at the altar of an unknown god.
   336 | D:1      | Became a worshipper of Elyvilon the Healer
   336 | D:1      | Reached * piety under Elyvilon
   396 | D:1      | Reached XP level 3. HP: 29/29 MP: 3/3
   713 | D:2      | Reached skill level 4 in Fighting
   889 | D:2      | Reached ** piety under Elyvilon
  1095 | D:2      | Reached XP level 4. HP: 38/38 MP: 4/4
  1340 | D:3      | Found Otuamn's Distillery.
  1494 | D:3      | Bought a potion of heal wounds for 70 gold pieces
  1494 | D:3      | Found a shimmering altar of Xom.
  1545 | D:3      | Noticed a scorpion
  1553 | D:3      | Killed a scorpion
  1554 | D:3      | Reached skill level 5 in Fighting
  1554 | D:3      | Reached XP level 5. HP: 40/46 MP: 5/5
  1609 | D:3      | Reached XP level 6. HP: 39/52 MP: 5/7
  1695 | D:3      | Reached skill level 6 in Fighting
  1711 | D:3      | Reached *** piety under Elyvilon
  1942 | D:4      | Found a shimmering blue altar of Sif Muna.
  2020 | D:4      | Noticed Grinder
  2037 | D:4      | Killed Grinder
  2038 | D:4      | Reached skill level 7 in Fighting
  2038 | D:4      | Reached XP level 7. HP: 52/60 MP: 8/8
  2294 | D:4      | Noticed brob1's ghost (amateur MiBe)
  2331 | D:4      | Found a transporter.
  2334 | D:4      | Found a transporter.
  2384 | D:4      | Reached skill level 8 in Fighting
  2468 | D:4      | Noticed Natasha
  2479 | D:4      | Killed Natasha
  2599 | D:4      | Found a glowing golden altar of the Shining One.
  2839 | D:4      | Noticed Natasha
  2842 | D:4      | Killed Natasha
  2938 | D:4      | Reached skill level 1 in Shields
  3023 | D:4      | Reached XP level 8. HP: 49/69 MP: 10/10
  3146 | D:5      | Entered Level 5 of the Dungeon
  3202 | D:5      | Reached skill level 5 in Shields
  3222 | D:5      | Found Moireav's Weapon Shop.
  3237 | D:5      | Found a staircase to the Ecumenical Temple.
  3252 | D:5      | Reached **** piety under Elyvilon
  3256 | Temple   | Entered the Ecumenical Temple
  3321 | Temple   | Fell from the grace of Elyvilon
  3321 | Temple   | Became a worshipper of Hepliaklqana the Forgotten
  3381 | D:5      | Noticed Edmund
  3515 | D:4      | Gained mutation: You are weak. (Str -2) [potion of
                  | mutation]
  3515 | D:4      | Gained mutation: You occasionally shout uncontrollably at
                  | your foes. [potion of mutation]
  3515 | D:4      | Gained mutation: You have hidden genetic potential. [potion
                  | of mutation]
  3529 | D:4      | Slain by Edmund

Illustrated notes

Levels and vault maps discovered:
D:1:      sevenhm_arrival_forest_fort_small_4, layout_basic,
          basic_ecumenical_altar
D:2:      layout_loops_cross, guppyfry_early_lair_pool
D:3:      cheibrodos_helix_gallery, layout_rooms,
          mainiacjoe_overflow_concentric_impassable, serial_shops, shop,
          serial_undead, serial_undead_c, serial_undead_b, serial_undead_c,
          serial_undead_a, serial_undead_a, serial_undead_b, grunt_ministairs_12
D:4:      layout_basic, lemuel_doored_altar, mainiacjoe_overflow_brackets,
          gammafunk_ghost_arena, uniq_grinder, uniq_natasha
D:5:      dreamdust_elfheim, layout_cave_pools, minmay_temple_entry_statues,
          serial_shops, nicolae_shop_statue_plus, nicolae_shop_waterfront,
          minmay_manual_moon, uniq_edmund
Temple:   cyrus_circular_temple

Skill      XL: |  1  2  3  4  5  6  7  8 |
---------------+-------------------------+-----
Fighting       | 3 4 5 7 8 |  8.3
Invocations    | 2 3 |  3.1
Stealth        | 2 |  2.0
Shields        | 3 6 |  6.7
Ranged Weapons | |  4.0
Dodging        | |  1.7

Action                   |  1- 3 |  4- 6 |  7- 9 || total
-------------------------+-------+-------+-------++-------
 Fire: Shortbow          |    97 |   110 |   161 ||   368
  Use: Scroll            |       |       |     5 ||     5
       Potion            |       |       |     4 ||     4
Armor: Leather armour    |    11 |    12 |    27 ||    50
Dodge: Dodged            |    22 |    24 |    49 ||    95
Block: Buckler           |     2 |    10 |    32 ||    44
